 Dungeon Crawl Stone Soup version 0.30-a0-622-gddc90eaa04 (webtiles) character file.

Game seed: 7593994641293622264

36 themarg the Insei (level 3, -1/28 HPs)
             Began as a Gnoll Transmuter on Jan 11, 2023.
             Slain by a gnoll
             ... wielding a +0 heavy spear
              (7 damage)
             ... on level 2 of the Dungeon.
             The game lasted 00:02:34 (1413 turns).

themarg the Insei (Gnoll Transmuter)                Turns: 1413, Time: 00:02:34

Health: -1/28      AC:  2    Str:  9    XL:     3   Next: 37%
Magic:  9/9        EV: 13    Int: 14    God:
Gold:   61         SH:  0    Dex: 12    Spells: 9/12 levels left

rFire   . . .      SeeInvis .      - Unarmed
rCold   . . .      Faith    .    (no shield)
rNeg    . . .      Spirit   .    a - +0 robe
rPois   .          Reflect  .    (helmet currently unavailable)
rElec   .          Harm     .    (no cloak)
rCorr   +          Rampage  .    (no gloves)
Will    .....                    (boots currently unavailable)
Stlth   +                        (no amulet)
HPRegen 0.24/turn                k - ring of resist corrosion
MPRegen 0.11/turn                (no ring)

@: appendages (expiring)
A: horns 2, talons 2, fangs 1, strong nose, distributed training
a: End Transformation


You were on level 2 of the Dungeon.
You had temporarily grown beastly horns and talons.
You visited 1 branch of the dungeon, and saw 2 of its levels.

You collected 61 gold pieces.

Inventory:

Missiles
 l - 3 boomerangs
Armour
 a - a +0 robe (worn)
Jewellery
 k - a ring of resist corrosion (left hand)
Scrolls
 c - a scroll of identify {unknown}
 d - a scroll of vulnerability {unknown}
 f - a scroll of magic mapping {unknown}
 g - 2 scrolls of poison {unknown}
 h - a scroll of fear {unknown}
 i - a scroll of summoning {unknown}
 m - a scroll of fog {unknown}
Potions
 b - 2 potions of lignification
 e - a potion of degeneration {unknown}
 j - a potion of curing {unknown}


   Skills:
 + Level 2.6 Fighting
 + Level 0.8 Short Blades
 + Level 0.8 Long Blades
 + Level 0.8 Axes
 + Level 0.8 Maces & Flails
 + Level 0.8 Polearms
 + Level 0.8 Staves
 + Level 0.8 Ranged Weapons
 + Level 0.8 Throwing
 + Level 0.8 Armour
 + Level 4.5 Dodging
 + Level 0.8 Stealth
 + Level 0.8 Shields
 + Level 6.5 Unarmed Combat
 + Level 5.0 Spellcasting
 + Level 0.5 Conjurations
 + Level 0.5 Hexes
 + Level 0.5 Summonings
 + Level 0.5 Necromancy
 + Level 0.5 Translocations
 + Level 3.7 Transmutations
 + Level 0.5 Fire Magic
 + Level 0.5 Ice Magic
 + Level 0.5 Air Magic
 + Level 0.5 Earth Magic
 + Level 0.5 Poison Magic
 + Level 1.0 Invocations
 + Level 0.8 Evocations


You had 9 spell levels left.
You knew the following spells:

 Your Spells              Type           Power      Damage    Failure   Level
a - Beastly Appendage     Tmut           28%        N/A       3%          1
b - Wereblood             Tmut           14%        N/A       5%          2

Your spell library contained the following spells:

 Spells                   Type           Power      Damage    Failure   Level
 Passwall                 Tmut/Erth      7%         N/A       11%         2
 Ensorcelled Hibernation  Hex/Ice        10%        N/A       21%         2
 Spider Form              Tmut/Pois      9%         N/A       22%         3
 Swiftness                Air            5%         N/A       38%         3
 Ice Form                 Ice/Tmut       9%         N/A       56%         4


Dungeon Overview and Level Annotations

Branches:
Dungeon (2/15)

Altars:


Innate Abilities, Weirdness & Mutations

You have temporarily grown beastly horns and talons.
You have very sharp teeth.
Your uncanny sense of smell can sniff out nearby items.
Your experience applies equally to all skills.


Message History

You kill the rat!
A goblin comes into view. It is wielding a +0 dagger.
A goblin is nearby!
You grow a pair of large bovine horns.
Your feet morph into talons.
The goblin misses you.
You barely miss the goblin. Your headbutt misses the goblin.
Your bite misses the goblin. The goblin barely misses you.
You closely miss the goblin. You claw the goblin.
The goblin is severely wounded.
The goblin barely misses you.
You hit the goblin.
You kill the goblin!
Your transformation is almost over.
m - a scroll labelled WAHEFUOLIE
Things that are here:
a +0 dagger; a goblin corpse 2 gnolls come into view.
Found 8 stones.
The gnoll shouts! x2
There is an open door here.
You extend your transformation's duration.
A gnoll comes into view. It is wielding a +0 heavy spear.
Found 3 stones.
The gnoll shouts!
There is an open door here.
The gnoll hits you from afar with a +0 spear.
Your transformation is almost over.
The gnoll barely misses you.
The gnoll hits you from afar with a +0 heavy spear.
There is an open door, spattered with blood here.
You hit the gnoll but do no damage. The gnoll hits you with a +0 spear.
The gnoll hits you from afar with a +0 heavy spear!
You closely miss the gnoll. The gnoll closely misses you.
You closely miss the gnoll. Your kick misses the gnoll.
The gnoll closely misses you. x2
You barely miss the gnoll. Your kick misses the gnoll.
The gnoll hits you with a +0 spear!
* * * LOW HITPOINT WARNING * * *
The gnoll hits you from afar with a +0 heavy spear!
You die...

∆ ########### ∆
#.........# #
#.........# .####
#.........###......
#.........@gg......
#.........##g......
#.........# .......
#......)..# .......
#.........# #......
######.........#
..(.(.
#..............#
######
#.##############
#............#


You could see 3 gnolls.

Vanquished Creatures
  An adder (D:2)
  A dart slug (D:1)
  An orc (D:2)
  An endoplasm (D:1)
  A giant cockroach (D:1)
  A goblin (D:2)
  2 hobgoblins (D:1)
  2 quokkas (D:1)
  5 ball pythons (D:1)
  2 bats (D:1)
  2 frilled lizards
  4 kobolds (D:1)
  3 rats
26 creatures vanquished.

Notes
Turn   | Place    | Note
-------+----------+-------------------------------------------
     0 | D:1      | themarg the Gnoll Transmuter began the quest for the Orb.
     0 | D:1      | Reached XP level 1. HP: 17/17 MP: 6/6
   191 | D:1      | Reached XP level 2. HP: 22/23 MP: 5/7
   194 | D:1      | Learned a level 2 spell: Wereblood
   427 | D:1      | Found a faded altar of an unknown god.
  1226 | D:2      | Reached skill level 5 in Spellcasting
  1226 | D:2      | Reached XP level 3. HP: 20/28 MP: 6/9
  1329 | D:2      | Reached skill level 1 in Invocations
  1413 | D:2      | Slain by a gnoll

Illustrated notes

Levels and vault maps discovered:
D:1:      psy_arrival_statuary, layout_basic, basic_ecumenical_altar
D:2:      layout_basic

Skill      XL: |  1  2  3 |
---------------+----------+-----
Spellcasting   | 5 |  5.0
Invocations    | 1 |  1.0
Fighting       | |  2.6
Short Blades   | |  0.8
Long Blades    | |  0.8
Axes           | |  0.8
Maces & Flails | |  0.8
Polearms       | |  0.8
Staves         | |  0.8
Ranged Weapons | |  0.8
Throwing       | |  0.8
Armour         | |  0.8
Dodging        | |  4.5
Stealth        | |  0.8
Shields        | |  0.8
Unarmed Combat | |  6.5
Conjurations   | |  0.5
Hexes          | |  0.5
Summonings     | |  0.5
Necromancy     | |  0.5
Translocations | |  0.5
Transmutations | |  3.7
Fire Magic     | |  0.5
Ice Magic      | |  0.5
Air Magic      | |  0.5
Earth Magic    | |  0.5
Poison Magic   | |  0.5
Evocations     | |  0.8

Action                   || total
-------------------------++-------
Melee: Unarmed           ||    79
       Kick              ||    12
       Headbutt          ||     7
       Bite              ||     8
       Punch             ||     1
 Cast: Beastly Appendage ||    21
 Stab: Sleeping          ||     1
Armor: Robe              ||    11
Dodge: Dodged            ||    47

Table legend: (Time is in decaauts)
 A = Elapsed time spent in this place.
 B = Non-inter-level travel time spent in this place.
 C = Inter-level travel time spent in this place.
 D = Time resting spent in this place.
 E = Time spent auto-exploring this place.
 F = Levels seen in this place.
 G = Mean time per level.
                   A        B        C        D        E       F      G
               +--------+--------+--------+--------+--------+-----+--------+
         Total |   1403 |   1368 |     35 |     43 |   1116 |   2 |  701.5 |
       Dungeon |   1403 |   1368 |     35 |     43 |   1116 |   2 |  701.5 |
               +--------+--------+--------+--------+--------+-----+--------+

Top non-repeatable levels by time:
     D:1: 1159 daAuts
     D:2: 243 daAuts
